 Dungeon Crawl Stone Soup version 0.30-a0-591-g3c58d2bc28 (webtiles) character file.

Game seed: 7179096300697119976

48 omnomnOMINOUS the Chiller (level 3, -3/23 HPs)
             Began as an Octopode Wanderer on Jan 5, 2023.
             Slain by a gnoll
             ... wielding a +0 spear
              (7 damage)
             ... on level 2 of the Dungeon.
             The game lasted 00:02:15 (1029 turns).

omnomnOMINOUS the Chiller (Octopode Wanderer)       Turns: 1029, Time: 00:02:15

Health: -3/23      AC:  1    Str: 13    XL:     3   Next: 72%
Magic:  5/5        EV: 13    Int: 12    God:
Gold:   83         SH:  0    Dex: 13    Spells: 4/5 levels left

rFire   . . .      SeeInvis .    a - +0 sling
rCold   . . .      Faith    .    (no shield)
rNeg    . . .      Spirit   .    (helmet restricted)
rPois   .          Reflect  .    (no amulet)
rElec   .          Harm     .    (no ring)
rCorr   .          Rampage  .    (no ring)
Will    .....                    (no ring)
Stlth   ++                       (no ring)
HPRegen 0.23/turn                (no ring)
MPRegen 0.09/turn                (no ring)
                                 (no ring)
                                 (no ring)

@: no status effects
A: almost no armour, amphibious, 8 rings, camouflage 1, gelatinous body 1,
(nimble swimmer 1), tentacles
a: no special abilities


You were on level 2 of the Dungeon.
You visited 1 branch of the dungeon, and saw 2 of its levels.

You collected 83 gold pieces.

Inventory:

Hand Weapons
 a - a +0 sling (weapon)
 c - a +0 dagger
Missiles
 b - 15 poisoned darts
Scrolls
 d - a scroll of fog
 f - a scroll of magic mapping {unknown}
 g - a scroll of enchant armour {unknown}
 j - a scroll of summoning {unknown}
Potions
 e - a potion of lignification {unknown}
 h - a potion of might
 i - a potion of flight {unknown}


   Skills:
 + Level 1.3 Fighting
 + Level 1.0 Ranged Weapons
 - Level 2.0 Throwing
 + Level 1.8 Dodging
 + Level 1.7 Spellcasting
 + Level 4.3 Ice Magic
 - Level 1.1 Evocations


You had 4 spell levels left.
You knew the following spells:

 Your Spells              Type           Power      Damage    Failure   Level
a - Freeze                Ice            44%        1d6       4%          1

Your spell library contained the following spells:

 Spells                   Type           Power      Damage    Failure   Level
 Ensorcelled Hibernation  Hex/Ice        12%        N/A       17%         2
 Summon Ice Beast         Ice/Summ       6%         N/A       75%         4


Dungeon Overview and Level Annotations

Branches:
Dungeon (2/15)

Altars:


Innate Abilities, Weirdness & Mutations

You cannot wear most types of armour.
You are amphibious.
You can wear up to eight rings at the same time.
Your skin changes colour to match your surroundings (Stealth+).
Your rubbery body absorbs attacks. (AC +1, EV +1)
((You are camouflaged when in or above water. (Stealth+)))
You have tentacles for arms and can constrict up to eight enemies at once.


Message History

Aim: a worm (almost dead, 74% to hit)
You shoot a sling bullet. The sling bullet hits the worm!
You kill the worm!
Fire: a) +0 sling
Press: ? - help, Q - select action, (/) - cycle Shift-Dir - straight line, f - you Really target yourself?
Okay, then.
A gnoll comes into view. It is wielding a +0 spear.
Found a scroll labelled ONWANU DOIFRUST.
You shoot a sling bullet. The sling bullet hits the gnoll.
The gnoll shouts!
The gnoll is lightly wounded.
A gnoll comes into view. It is wielding a +0 spear.
You shoot a sling bullet. The gnoll shouts!
The sling bullet hits the gnoll.
The gnoll is lightly wounded.
You shoot a sling bullet. The sling bullet hits the gnoll.
The gnoll is moderately wounded.
You shoot a sling bullet.
The sling bullet closely misses the gnoll.
The sling bullet hits the gnoll.
The gnoll is moderately wounded.
You shoot a sling bullet.
The sling bullet barely misses the gnoll.
The sling bullet closely misses the gnoll.
The gnoll hits you from afar with a +0 spear. x2
The gnoll closely misses you.
You shoot a sling bullet. The sling bullet hits the gnoll.
The gnoll is moderately wounded.
You hear a shout!
The gnoll barely misses you. The gnoll misses you.
You shoot a sling bullet. The sling bullet hits the gnoll.
The gnoll is heavily wounded.
The gnoll closely misses you.
A gnoll comes into view. It is wielding a +0 flail.
The gnoll hits you from afar with a +0 spear. x2
* * * LOW HITPOINT WARNING * * *
The gnoll hits you from afar with a +0 spear!
You die...

#.......####### ####.##.......#
...####.##.#####.#
........##.#####.######
#######)..............#########
#.##..#.##.####....†....#
#.##..#.##.# #########.# .#
#.##.......# #.# .#
#†##..#.##@# #.# .#
#.......##.## ####.### .#
####......gg. #....... .######
#.###.#g.. ##.#..##.
......####.# .###... #...(....
...........#.# #.?. #..#.....
......###..## .... #..#.#...
.###### #..# ..... #..#...)[ )#
#..# #......>.


You could see 3 gnolls.

Vanquished Creatures
  An adder (D:2)
  2 worms (D:2)
  3 dart slugs (D:1)
  4 ball pythons (D:1)
  2 endoplasms
  A giant cockroach (D:1)
  2 goblins
  4 hobgoblins
  3 kobolds
  A bat (D:1)
  2 frilled lizards (D:1)
  A rat (D:1)
26 creatures vanquished.

Notes
Turn   | Place    | Note
-------+----------+-------------------------------------------
     0 | D:1      | omnomnOMINOUS the Octopode Wanderer began the quest for the
                  | Orb.
     0 | D:1      | omnomnOMINOUS set off with the following items: a +0 sling,
                  | 15 poisoned darts, a +0 dagger, a scroll of fog; and the
                  | following spell memorised: Freeze; and the following spells
                  | available to memorise: Ensorcelled Hibernation, Summon Ice
                  | Beast.
     0 | D:1      | Reached XP level 1. HP: 11/11 MP: 2/2
    52 | D:1      | Reached XP level 2. HP: 18/18 MP: 3/3
   318 | D:1      | Reached skill level 1 in Fighting
   391 | D:1      | Reached XP level 3. HP: 17/23 MP: 5/5
   823 | D:2      | HP: 1/23 [poisoned by an adder]
  1029 | D:2      | Slain by a gnoll

Illustrated notes

Levels and vault maps discovered:
D:1:      minmay_arrival_jagged, layout_loops_cross
D:2:      layout_loops_cross

Skill      XL: |  1  2 |
---------------+-------+-----
Fighting       | 1 |  1.3
Ranged Weapons | |  1.0
Throwing       | |  2.0
Dodging        | |  1.8
Spellcasting   | |  1.7
Ice Magic      | |  4.3
Evocations     | |  1.1

Action                   || total
-------------------------++-------
Melee: Dagger            ||     2
 Fire: Sling             ||   110
  Use: Potion            ||     1
Armor: Skin              ||     2
Dodge: Dodged            ||    26

Table legend: (Time is in decaauts)
 A = Elapsed time spent in this place.
 B = Non-inter-level travel time spent in this place.
 C = Inter-level travel time spent in this place.
 D = Time resting spent in this place.
 E = Time spent auto-exploring this place.
 F = Levels seen in this place.
 G = Mean time per level.
                   A        B        C        D        E       F      G
               +--------+--------+--------+--------+--------+-----+--------+
         Total |   1066 |   1046 |     20 |     95 |    729 |   2 |  533.0 |
       Dungeon |   1066 |   1046 |     20 |     95 |    729 |   2 |  533.0 |
               +--------+--------+--------+--------+--------+-----+--------+

Top non-repeatable levels by time:
     D:1: 649 daAuts
     D:2: 416 daAuts
